[ AOE2 MATCH · #506124986 ]
UnrankedSicilians vs Bohemians
Player's team · WIN
Rival team · LOSS
[ REPLAY ANALYSIS · EXTRACTED FROM THE RECORDED GAME ]
Feudal
17:02
Castle
—
Imperial
—
| APM avg | 31.2 |
| APM peak | 66 |
| eAPM avg | 18.3 |
| Villagers / military | 26 / 0 |
Focus
⚔️ 21.3% · 🌾 78.7%
Feudal
16:53
Castle
—
Imperial
—
| APM avg | 15.2 |
| APM peak | 24 |
| eAPM avg | 9.8 |
| Villagers / military | 35 / 0 |
Focus
⚔️ 25.7% · 🌾 74.3%
Match map
Initial resources + every placement click. Lines = walls · curves = elevation contours. ◆ gold · ⬟ stone · ● berries · ✦ relic · ◌ wall gap
Your base· Open — opponent sealed themselves in
ManBearPig1511's base· ✓ Closed at 12:00 · 12t walls · no gate
Smoothed initial terrain · ◌ = detected wall gap · hover for details
Inputs per minute
— Papapishu8352 - - ManBearPig1511
Build order — Papapishu8352
46 actions detected in the replay
| 0:01 | Queue | Villager (Male) |
| 0:01 | Queue | Villager (Male) |
| 0:01 | Queue | Villager (Male) |
| 0:03 | Build | House |
| 0:05 | Build | House |
| 0:23 | Queue | Villager (Male) |
| 0:24 | Queue | Villager (Male) |
| 1:38 | Queue | Villager (Male) |
| 1:38 | Queue | Villager (Male) |
| 2:15 | Queue | Villager (Male) |
| 2:16 | Queue | Villager (Male) |
| 2:16 | Queue | Villager (Male) |
| 3:06 | Queue | Villager (Male) |
| 3:06 | Queue | Villager (Male) |
| 3:07 | Queue | Villager (Male) |
| 3:07 | Queue | Villager (Male) |
| 3:10 | Build | Lumber Camp |
| 3:25 | Queue | Villager (Male) |
| 3:52 | Queue | Villager (Male) |
| 4:05 | Build | House |
| 4:15 | Research | Loom |
| 4:24 | Queue | Villager (Male) |
| 4:25 | Queue | Villager (Male) |
| 4:25 | Queue | Villager (Male) |
| 5:19 | Research | Loom |
| 6:48 | Queue | Villager (Male) |
| 6:51 | Build | House |
| 8:41 | Build | Town Center |
| 8:54 | Build | Palisade Wall |
| 9:34 | Queue | Villager (Male) |
| 9:34 | Queue | Villager (Male) |
| 9:55 | Queue | Villager (Male) |
| 10:42 | Build | Mill |
| 11:00 | Build | Palisade Gate |
| 11:19 | Queue | Villager (Male) |
| 12:13 | Queue | Villager (Male) |
| 14:29 | Build | Palisade Gate |
| 14:31 | Build | Palisade Wall |
| 14:52 | Research | Feudal Age |
| 16:50 | Build | Mining Camp |
| 17:02 | Age | Feudal Age |
| 17:22 | Build | Town Center |
| 17:29 | Build | Stone Wall |
| 17:34 | Build | Palisade Gate |
| 18:23 | Build | Mining Camp |
| 18:29 | Queue | Villager (Male) |
Build order — ManBearPig1511
60 actions detected in the replay
| 0:01 | Queue | Villager (Male) |
| 0:03 | Build | House |
| 0:10 | Build | Palisade Wall |
| 0:18 | Research | Loom |
| 0:19 | Queue | Villager (Male) ×3 |
| 0:19 | Queue | Villager (Male) |
| 1:39 | Build | House |
| 1:45 | Build | House |
| 1:47 | Build | House |
| 1:58 | Queue | Villager (Male) |
| 1:58 | Queue | Villager (Male) |
| 2:03 | Build | Palisade Wall |
| 2:45 | Build | House |
| 2:45 | Build | House |
| 2:51 | Queue | Villager (Male) |
| 3:13 | Queue | Villager (Male) |
| 3:39 | Queue | Villager (Male) |
| 4:05 | Queue | Villager (Male) |
| 4:05 | Queue | Villager (Male) |
| 4:29 | Queue | Villager (Male) |
| 4:29 | Queue | Villager (Male) |
| 4:55 | Queue | Villager (Male) |
| 5:08 | Queue | Villager (Male) |
| 5:08 | Queue | Villager (Male) |
| 5:08 | Queue | Villager (Male) |
| 6:00 | Queue | Villager (Male) |
| 6:03 | Queue | Villager (Male) |
| 6:57 | Build | Lumber Camp |
| 7:04 | Build | Mill |
| 7:09 | Queue | Villager (Male) |
| 7:46 | Queue | Villager (Male) |
| 7:46 | Queue | Villager (Male) |
| 7:46 | Queue | Villager (Male) |
| 7:46 | Queue | Villager (Male) |
| 8:17 | Build | House |
| 8:40 | Build | House |
| 9:15 | Queue | Villager (Male) |
| 9:16 | Queue | Villager (Male) |
| 9:54 | Queue | Villager (Male) |
| 9:54 | Queue | Villager (Male) |
| 9:54 | Queue | Villager (Male) |
| 10:00 | Build | House |
| 10:34 | Build | Mining Camp |
| 10:43 | Queue | Villager (Male) |
| 10:44 | Queue | Villager (Male) |
| 11:34 | Build | Mill |
| 12:35 | Build | House |
| 13:38 | Build | Town Center |
| 14:17 | Build | House |
| 14:37 | Build | House |
| 14:40 | Build | House |
| 14:43 | Research | Feudal Age |
| 14:44 | Research | Feudal Age |
| 14:44 | Research | Feudal Age |
| 15:47 | Build | Lumber Camp |
| 16:53 | Age | Feudal Age |
| 17:07 | Queue | Villager (Male) |
| 17:07 | Queue | Villager (Male) |
| 17:07 | Queue | Villager (Male) |
| 17:20 | Build | House |
Match timeline
| 0:10 | ManBearPig1511 · wall_segment Palisade Wall x11 |
| 2:03 | ManBearPig1511 · wall_segment Palisade Wall x1 |
| 8:54 | Papapishu8352 · wall_segment Palisade Wall x1 |
| 14:31 | Papapishu8352 · wall_segment Palisade Wall x5 |
| 16:53 | ManBearPig1511 · age_up feudal |
| 17:02 | Papapishu8352 · age_up feudal |
| 17:29 | Papapishu8352 · wall_segment Stone Wall x4 |
| 18:55 | ManBearPig1511 · resign |
[ AI ANALYSIS · 1 CREDIT ]
What really happened in this match?
Wolo.gg analyzes every decision: build order, eco, micro, common mistakes by bracket. Personalized analysis on WhatsApp or Discord in 30 seconds.
Civ guide
Sicilians
Perfil
Jugador #19470619